 Dungeon Crawl Stone Soup version 0.20.1-1-g8b1a95d (webtiles) character file.

19725 Inkary the Tortoise (level 12, -1/104 HPs)
             Began as a Minotaur Fighter on Oct 9, 2017.
             Was the Champion of Okawaru.
             Slain by Turtleman12345's ghost (4 damage)
             ... in an ice cave on Oct 11, 2017.
             The game lasted 00:22:28 (10719 turns).

Inkary the Tortoise (Minotaur Fighter)             Turns: 10719, Time: 00:22:28

Health: -1/104     AC: 20    Str: 29    XL:     12   Next: 39%
Magic:  11/15      EV: 14    Int:  5    God:    Okawaru [******]
Gold:   473        SH: 16    Dex: 14    Spells: 11/11 levels left

rFire    . . .     SeeInvis .   a - +5 war axe
rCold    + . .     Gourm    .   c - +2 shield
rNeg     . . .     Faith    +   T - +2 ring mail {rC+}
rPois    +         Spirit   .   v - +2 hat
rElec    .         Reflect  .   (no cloak)
rCorr    .         Harm     .   (no gloves)
MR       .....     Rnd*Rage +   s - +0 pair of boots
Stlth    ++........             F - amulet of faith
Regen    0.3/turn               e - +5 ring of protection
MPRegen  0.2/turn               q - ring of poison resistance

@: mighty, heroism, berserk cooldown, slowed, very slow
A: retaliatory headbutt, horns 2, agile 1, berserk 1
a: Heroism, Finesse, Renounce Religion


You were in an ice cave.
You worshipped Okawaru.
Okawaru was exalted by your worship.
You were not hungry.

You visited 1 branch of the dungeon, and saw 13 of its levels.
You also visited: Ice Cave.

You collected 605 gold pieces.
You spent 132 gold pieces at shops.

Inventory:

Hand Weapons
 a - a +5 war axe (weapon)
 V - a +2 hand axe of venom
Missiles
 n - 4 poisoned javelins
 o - 9 javelins (quivered)
Armour
 c - a +2 shield (worn)
 s - a +0 pair of boots (worn)
 v - a +2 hat (worn)
 I - the +4 plate armour "Eqiff" {+Fly rF+ MP-9 Dex+3 SInv}
   (You found it on level 11 of the Dungeon)

   It affects your dexterity (+3).
   It protects you from fire.
   It affects your magic capacity (-9).
   It lets you see invisible.
   It lets you fly.
 N - the +7 plate armour "Nawkoef" {rN+ Str+4}
   (You found it on level 8 of the Dungeon)

   It affects your strength (+4).
   It protects you from negative energy.
 T - a +2 ring mail of cold resistance (worn)
Jewellery
 e - a +5 ring of protection (left hand)
 q - a ring of poison resistance (right hand)
 F - an amulet of faith (around neck)
 Q - an uncursed ring of see invisible
 S - an uncursed ring of positive energy
Wands
 b - a wand of digging (9/24)
 y - a wand of polymorph (4/24)
 C - a wand of random effects (31/48)
 G - a wand of disintegration (6/24)
 M - a wand of flame (41/48)
 R - a wand of polymorph (11/24)
Scrolls
 d - a scroll of amnesia
 g - 7 scrolls of remove curse
 h - a scroll of enchant weapon
 i - a scroll of immolation
 m - 7 scrolls of teleportation
 t - a scroll of holy word {unknown}
 u - 4 scrolls of fog {unknown}
 z - a scroll of recharging
 D - 2 scrolls of random uselessness {unknown}
 E - a scroll of summoning {unknown}
 H - 5 scrolls of fear {unknown}
 P - 4 scrolls of identify
Potions
 p - 4 potions of flight
 r - 4 potions of brilliance
 x - 7 potions of curing
 A - a potion of ambrosia
 U - 2 potions of might
Books
 J - a book of Party Tricks

   Spells                             Type                      Level
   a - Summon Butterflies             Summoning                    1
   b - Apportation                    Translocation                1
   c - Lesser Beckoning               Translocation                3
   d - Tukima's Dance                 Hexes                        3
   e - Alistair's Intoxication        Transmutation/Poison         5
   f - Invisibility                   Hexes                        6
 K - a book of Beasts

   Spells                             Type                      Level
   a - Summon Butterflies             Summoning                    1
   b - Call Canine Familiar           Summoning                    3
   c - Summon Ice Beast               Ice/Summoning                4
   d - Summon Mana Viper              Hexes/Summoning              5
   e - Summon Hydra                   Summoning                    7
 O - a book of Misfortune

   Spells                             Type                      Level
   a - Confusing Touch                Hexes                        1
   b - Confuse                        Hexes                        3
   c - Gell's Gravitas                Translocation                3
   d - Petrify                        Transmutation/Earth          4
   e - Metabolic Englaciation         Hexes/Ice                    5
   f - Yara's Violent Unravelling     Hexes/Transmutation          5
Miscellaneous
 L - a lamp of fire
Comestibles
 f - 13 bread rations
 j - a chunk of flesh
 l - 5 royal jellies
 w - 4 meat rations


   Skills:
 - Level 9.3(14.3) Fighting
 - Level 10.3(15.3) Axes
 * Level 15.9(20.9) Armour
 - Level 9.2(14.2) Shields
 - Level 5.7 Invocations
 + Level 5.4 Evocations


You had 11 spell levels left.
You didn't know any spells.

Dungeon Overview and Level Annotations

Branches:
Dungeon (13/15)            Temple (0/1) D:4            Lair (0/6) D:11
    Orc (0/2) D:12
 Vaults: D:13-14

Altars:
Fedhas
Kikubaaqudgha
Nemelex Xobeh
Okawaru
Qazlal
Sif Muna
Zin
Jiyva

Shops:
D:4 !   D:7 (

Annotations:
D:9 1 runed door, exclusion: 4 orange crystal statues IceCv Turtleman12345's ghost, adept MiFi


Innate Abilities, Weirdness & Mutations

You reflexively headbutt those who attack you in melee.
You have a pair of horns on your head.
You are agile. (Dex +2)
You tend to lose your temper in combat.


Message History

You completely miss Turtleman12345's ghost.
Your headbutt misses Turtleman12345's ghost.
Turtleman12345's ghost is severely damaged.
Turtleman12345's ghost closely misses you.
You slash Turtleman12345's ghost!
Your headbutt misses Turtleman12345's ghost.
Turtleman12345's ghost is severely damaged.
You block Turtleman12345's ghost's attack.
You slash Turtleman12345's ghost!
Turtleman12345's ghost is severely damaged.
Turtleman12345's ghost hits you.
* * * LOW HITPOINT WARNING * * *
x2 You closely miss Turtleman12345's ghost.
Your headbutt misses Turtleman12345's ghost.
Turtleman12345's ghost is severely damaged.
You block Turtleman12345's ghost's attack.
Turtleman12345's ghost screams, "Zot is a myth, the ORB is a fable, you'll soon be a tale!"
Turtleman12345's ghost hits you!
* * * LOW HITPOINT WARNING * * *
You die...

##### ##### #@.†####
####...†
#.†W#....####.....#.
......####...#....#####
....... ###....###
#...... ###### ##.....
##.... #.... ##.


You could see Turtleman12345's ghost.

Vanquished Creatures
  The ghost of vuolankoinen the Fighter, a journeyman HuWn of Gozag (D:12)
  Erolcha (D:12)
  A centaur warrior (D:9)
  2 two-headed ogres
  A tengu warrior (D:10)
  Urug (D:12)
  Sonja (D:11)
  Pikel (D:6)
  A cyclops (D:13)
  An ice statue (IceCv)
  3 trolls
  17 polar bears (IceCv)
  2 hippogriffs
  4 slime creatures (D:8)
  A spriggan (D:8)
  The ghost of QuCean the Covered, an amateur MiFi (D:7)
  7 yaks (IceCv)
  Eustachio (D:6)
  A hungry ghost (D:9)
  A water moccasin (D:5)
  An acid dragon (D:11)
  4 orc warriors
  3 slaves (D:6)
  11 ice beasts
  2 sky beasts (D:7)
  7 ogres
  2 phantoms
  9 wolves (IceCv)
  12 centaurs
  A wyvern zombie (D:10)
  2 bullfrogs (D:12)
  2 scorpions
  4 killer bees (D:8)
  An electric eel (D:10)
  2 howler monkeys
  2 crimson imps (D:10)
  2 bullfrog zombies
  A centaur zombie (D:8)
  2 jellies
  5 hounds
  A bullfrog skeleton (D:6)
  7 orc priests
  3 centaur skeletons
  10 orc wizards
  4 iguanas
  Natasha (thrice) (D:3 D:4)
  11 worker ants
  A killer bee zombie (D:6)
  2 hound skeletons (D:9)
  9 adders
  2 shadow imps
  An ooze (D:4)
  An adder zombie (D:9)
  2 worms
  10 leopard geckos
  34 orcs
  9 bats
  7 giant cockroaches
  3 goblins
  9 hobgoblins
  5 jackals
  11 kobolds
  2 quokkas
  2 frilled lizards
  A jackal zombie (D:6)
  3 quokka zombies
  5 rats
  A plant (D:10)
283 creatures vanquished.

Vanquished Creatures (others)
  2 withered plants (D:5)
2 creatures vanquished.

Grand Total: 285 creatures vanquished

Notes
Turn   | Place    | Note
-------+----------+-------------------------------------------
     0 | D:1      | Inkary the Minotaur Fighter began the quest for the Orb.
     0 | D:1      | Reached XP level 1. HP: 19/19 MP: 0/0
    94 | D:1      | Reached XP level 2. HP: 26/26 MP: 1/1
   571 | D:2      | Reached XP level 3. HP: 23/31 MP: 2/2
  1045 | D:2      | Found an iron altar of Okawaru.
  1048 | D:2      | Reached skill level 5 in Axes
  1055 | D:2      | Became a worshipper of Warmaster Okawaru
  1155 | D:3      | Reached XP level 4. HP: 31/39 MP: 3/3
  1209 | D:3      | Noticed a centaur
  1220 | D:3      | Killed a centaur
  1220 | D:3      | Reached XP level 5. HP: 7/45 MP: 4/4
  1568 | D:3      | Noticed an ogre
  1573 | D:3      | Killed an ogre
  1573 | D:3      | Reached * piety under Okawaru
  1624 | D:3      | Reached XP level 6. HP: 42/51 MP: 5/5
  1630 | D:3      | Noticed Natasha
  1635 | D:3      | Killed Natasha
  1677 | D:3      | Noticed Natasha
  1680 | D:3      | Killed Natasha
  2000 | D:3      | Found a glowing silver altar of Zin.
  2093 | D:4      | Found a sparkling altar of Nemelex Xobeh.
  2166 | D:4      | Noticed Natasha
  2169 | D:4      | Killed Natasha
  2276 | D:4      | Found a staircase to the Ecumenical Temple.
  2622 | D:4      | Found Emax's Distillery.
  2628 | D:4      | Bought a potion of might for 44 gold pieces
  2628 | D:4      | Bought a potion of heal wounds for 55 gold pieces
  2628 | D:4      | Bought a potion of curing for 33 gold pieces
  2636 | D:4      | Gained mutation: You tend to lose your temper in combat. [potion of mutation]
  2636 | D:4      | Gained mutation: You are agile. (Dex +2) [potion of mutation]
  2943 | D:5      | Entered Level 5 of the Dungeon
  2976 | D:5      | Reached XP level 7. HP: 57/57 MP: 6/6
  2989 | D:5      | Noticed a hippogriff
  2994 | D:5      | Killed a hippogriff
  2994 | D:5      | Reached skill level 10 in Axes
  3284 | D:5      | Found an ancient bone altar of Kikubaaqudgha.
  3290 | D:5      | Found a blossoming altar of Fedhas.
  3293 | D:5      | Reached skill level 4 in Armour
  3389 | D:5      | Reached ** piety under Okawaru
  3517 | D:6      | Reached XP level 8. HP: 67/67 MP: 7/7
  3519 | D:6      | Noticed Eustachio
  3524 | D:6      | Killed Eustachio
  3540 | D:6      | Found a stormy altar of Qazlal.
  3569 | D:6      | Reached skill level 5 in Fighting
  3569 | D:6      | Reached skill level 5 in Armour
  3569 | D:6      | Reached skill level 5 in Shields
  3639 | D:6      | Found a deep blue altar of Sif Muna.
  3756 | D:6      | Noticed Pikel
  3768 | D:6      | Killed Pikel
  3768 | D:6      | Reached *** piety under Okawaru
  3768 | D:6      | Reached skill level 6 in Armour
  3768 | D:6      | Reached XP level 9. HP: 58/78 MP: 8/8
  4024 | D:7      | Found Rucaol's Weapon Shop.
  4036 | D:6      | Reached skill level 7 in Armour
  4617 | D:7      | Reached **** piety under Okawaru
  4757 | D:7      | Reached skill level 8 in Armour
  4842 | D:7      | Noticed QuCean's ghost (amateur MiFi)
  4851 | D:7      | Killed QuCean's ghost
  5518 | D:8      | Found a viscous altar of Jiyva.
  6177 | D:8      | Found a transporter.
  6208 | D:8      | Found a transporter.
  6221 | D:8      | Reached ***** piety under Okawaru
  6221 | D:8      | Reached XP level 10. HP: 90/91 MP: 9/9
  6225 | D:8      | Reached skill level 9 in Armour
  6267 | D:8      | Got a pitted plate armour
  6299 | D:8      | Identified the +7 plate armour "Nawkoef" {rN+ Str+4} (You found it on level 8 of the Dungeon)
  6654 | D:9      | Reached skill level 1 in Invocations
  6729 | D:9      | Found a runed door.
  6735 | D:9      | Noticed an orange crystal statue
  6735 | D:9      | Noticed an orange crystal statue
  6735 | D:9      | Noticed an orange crystal statue
  6735 | D:9      | Noticed an orange crystal statue
  6918 | D:9      | Noticed a centaur warrior
  6928 | D:9      | Killed a centaur warrior
  6928 | D:9      | Reached skill level 10 in Armour
  6932 | D:9      | Found a runed door.
  7081 | D:10     | Entered Level 10 of the Dungeon
  7082 | D:10     | Noticed a two-headed ogre
  7087 | D:10     | Killed a two-headed ogre
  7087 | D:10     | Reached ****** piety under Okawaru
  7087 | D:10     | Reached skill level 11 in Armour
  7372 | D:10     | Noticed a tengu warrior
  7380 | D:10     | Killed a tengu warrior
  7380 | D:10     | Received a gift from Okawaru
  7461 | D:10     | Reached skill level 12 in Armour
  7614 | D:10     | Reached XP level 11. HP: 92/97 MP: 13/13
  8415 | D:11     | Noticed Sonja
  8426 | D:11     | Killed Sonja
  8556 | D:11     | Got an agate-encrusted plate armour
  8567 | D:11     | Identified the +4 plate armour "Eqiff" {+Fly rF+ MP-9 Dex+3 SInv} (You found it on level 11 of the Dungeon)
  8648 | D:11     | Reached skill level 5 in Invocations
  8726 | D:11     | Found a staircase to the Lair.
  8915 | D:12     | Noticed a two-headed ogre
  8921 | D:12     | Noticed vuolankoinen's ghost (journeyman HuWn)
  8922 | D:12     | Killed a two-headed ogre
  8952 | D:12     | Killed vuolankoinen's ghost
  8952 | D:12     | Reached skill level 13 in Armour
  9228 | D:12     | Noticed Erolcha
  9234 | D:12     | Killed Erolcha
  9234 | D:12     | Reached skill level 1 in Evocations
  9249 | D:12     | Noticed Urug
  9274 | D:12     | Killed Urug
  9305 | D:12     | Got an ichor-stained leather armour
  9323 | D:12     | Identified the +0 leather armour "Pulo" {rC+ Dex-2 Slay+2} (You found it on level 12 of the Dungeon)
  9394 | D:12     | Received a gift from Okawaru
  9438 | D:12     | Reached skill level 14 in Armour
  9511 | D:12     | Found a staircase to the Orcish Mines.
  9590 | D:12     | Noticed a five-headed hydra
  9637 | D:13     | Noticed a tengu warrior
  9638 | D:13     | Noticed a tengu warrior
  9638 | D:13     | Noticed a six-headed hydra
  9701 | D:13     | Found a frozen archway.
  9775 | IceCv    | Entered an ice cave
  9806 | IceCv    | Reached XP level 12. HP: 40/104 MP: 12/15
  9873 | IceCv    | Reached skill level 15 in Armour
 10572 | IceCv    | Received a gift from Okawaru
 10605 | IceCv    | Reached skill level 5 in Evocations
 10620 | IceCv    | Noticed a frost giant
 10684 | IceCv    | Noticed Turtleman12345's ghost (adept MiFi)
 10719 | IceCv    | HP: 3/104 [Turtleman12345's ghost (14)]
 10719 | IceCv    | Slain by Turtleman12345's ghost

Skill      XL: |  1  2  3  4  5  6  7  8  9 10 11 12 |
---------------+-------------------------------------+-----
Axes           | 3 4 5 6 7 9 10 | 10.3
Armour         | 4 6 8 12 14 15 | 15.9
Shields        | 4 6 8 9 |  9.2
Fighting       | 4 6 9 |  9.3
Invocations    | 4 5 |  5.7
Evocations     | 4 5 |  5.4

Action                   |  1- 3 |  4- 6 |  7- 9 | 10-12 || total
-------------------------+-------+-------+-------+-------++-------
Melee: War axe           |   101 |    65 |   272 |   469 ||   907
       Headbutt          |    13 |    19 |    48 |   108 ||   188
Invok: Heroism           |       |       |       |    16 ||    16
       Finesse           |       |       |       |     4 ||     4
  Use: Scroll            |     5 |     6 |     1 |    14 ||    26
       Potion            |       |     2 |     5 |     8 ||    15
  Eat: Chunk             |       |     3 |    10 |    14 ||    27
       Royal jelly       |       |     1 |     1 |     1 ||     3
Armor: Scale mail        |    72 |    20 |   104 |       ||   196
       Skin              |       |       |    10 |    36 ||    46
       Plate armour      |       |       |       |   137 ||   137
       Ring mail         |       |       |       |    73 ||    73
Dodge: Dodged            |    23 |     9 |    51 |    94 ||   177
Block: Shield            |    75 |    29 |   141 |   345 ||   590
